 Seeded DCSS version 0.28.0-43-g3370ac3207 (webtiles) character file.

Game seed: 1 (custom seed)

289 Kazon the Skirmisher (level 6, 0/51 HPs)
             Began as a Palentonga Fighter on Mar 10, 2022.
             Killed by nerve-wracking pain
             ... invoked by Grinder
              (12 damage)
             ... on level 3 of the Dungeon.
             The game lasted 00:05:44 (2033 turns).

Kazon the Skirmisher (Palentonga Fighter)           Turns: 2033, Time: 00:05:45

Health: 0/51       AC: 16    Str: 22    XL:     6   Next: 9%
Magic:  6/6        EV:  7    Int:  8    God:
Gold:   60         SH:  4    Dex:  9    Spells: 5/5 levels left

rFire   . . .      SeeInvis +   d - +1 mace (protect)
rCold   . . .      Faith    .   c - +0 buckler
rNeg    . . .      Spirit   .   b - +0 scale mail
rPois   .          Reflect  .   h - +0 helmet
rElec   .          Harm     .   (no cloak)
rCorr   .          Rampage  .   k - +0 pair of gloves
Will    .....                   (no barding)
Stlth   ..........              (no amulet)
HPRegen 0.17/turn               j - ring of wizardry
MPRegen 0.10/turn               (no ring)

@: under a protective aura
A: large, rugged brown scales 3, see invisible, deformed body, roll 1, armoured
tail
a: Rolling Charge


You were on level 3 of the Dungeon.
You visited 1 branch of the dungeon, and saw 3 of its levels.

You collected 60 gold pieces.

Inventory:

Hand Weapons
 a - a +0 trident
 d - a +1 mace of protection (weapon)
 l - a +0 trident of freezing
Missiles
 e - 47 stones (quivered)
 q - 2 boomerangs
Armour
 b - a +0 scale mail (worn)
 c - a +0 buckler (worn)
 h - a +0 helmet (worn)
 k - a +0 pair of gloves (worn)
Jewellery
 j - a ring of wizardry (left hand)
Scrolls
 i - a scroll of identify {unknown}
 m - a scroll of vulnerability {unknown}
 o - a scroll of magic mapping {unknown}
Potions
 f - 2 potions of curing {unknown}
 g - a potion of flight {unknown}
 n - 2 potions of mutation {unknown}
 p - a potion of degeneration {unknown}


   Skills:
 + Level 3.9 Fighting
 + Level 0.3 Maces & Flails
 + Level 3.8 Polearms
 + Level 0.2 Throwing
 + Level 3.6 Armour
 + Level 0.3 Dodging
 + Level 2.9 Shields


You had 5 spell levels left.
You didn't know any spells.
Your spell library was empty.

Dungeon Overview and Level Annotations

Branches:
Dungeon (3/15)

Altars:

Annotations:
D:3 Grinder


Innate Abilities, Weirdness & Mutations

You are completely covered in rugged brown scales. (AC +3, +7% HP)
You have supernaturally acute eyesight. (SInv)
Armour fits poorly on your strangely shaped body.
You can roll at nearby foes to attack.
You have a long armoured tail.


Message History

Found a stone staircase leading down.
HP restored.
Grinder comes into view.
Grinder shouts!
Roll where?
Press: ? - help, Dir - move target, f - Grinder
Aim: Grinder You roll forward with a clatter of scales!
You barely miss Grinder.
Your tail-slap misses Grinder.
Grinder gestures at you.
You suddenly lose the ability to move!
Grinder hits you!
You writhe in agony.
Grinder hits you.
You writhe in agony.
Grinder gestures at you. Pain shoots through your body! Grinder hits you.
You writhe in agony.
Grinder hits you.
You writhe in agony.
* * * LOW HITPOINT WARNING * * *
Grinder hits you but does no damage.
You can move again.
You barely miss Grinder. Grinder hits you.
* * * LOW HITPOINT WARNING * * *
Grinder blinks!
Grinder gestures at you. Pain shoots through your body!
* * * LOW HITPOINT WARNING * * *
Roll where?
Press: ? - help, Dir - move target, f/p - Grinder
Aim: Grinder You roll forward with a clatter of scales!
You hit Grinder but do no damage.
Your weapon exudes an aura of protection.
Your tail-slap misses Grinder.
You hear a bark! x2; You hear an angry hiss.
Grinder hits you but does no damage.
You barely miss Grinder.
You tail-slap Grinder, but do no damage.
Grinder gestures at you. Pain shoots through your body!
You die...

.# .# .# .## ..
#. ### .# #..
#.###.#
#..###.°○°.#
#....5@######
.......#.....#
#+#
#.##.........##+
...
+............ .#
## #............
.+ .#
#....##.##...
.####.#
#....##.# ..
.'....#.#
#.......# .
.##.....#
######..#


You could see Grinder.

Vanquished Creatures
  Sigmund (D:3)
  An orc priest (D:3)
  Terence (D:2)
  A dart slug (D:1)
  4 orcs (D:3)
  2 ball pythons (D:2)
  9 bats
  5 endoplasms
  3 giant cockroaches (D:1)
  4 goblins
  4 hobgoblins
  8 jackals
  3 kobolds
  5 rats
51 creatures vanquished.

Notes
Turn   | Place    | Note
-------+----------+-------------------------------------------
     0 | D:1      | Kazon the Palentonga Fighter began the quest for the Orb.
     0 | D:1      | Reached XP level 1. HP: 19/19 MP: 1/1
   201 | D:1      | Reached XP level 2. HP: 21/25 MP: 2/2
   617 | D:1      | Found a faded altar of an unknown god.
   979 | D:2      | Reached XP level 3. HP: 30/31 MP: 3/3
   979 | D:2      | Noticed Terence
   987 | D:2      | Killed Terence
  1511 | D:2      | Reached XP level 4. HP: 37/37 MP: 4/4
  1786 | D:3      | Noticed Sigmund
  1790 | D:3      | Killed Sigmund
  1791 | D:3      | Reached XP level 5. HP: 12/44 MP: 5/5
  1791 | D:3      | Reached XP level 6. HP: 14/51 MP: 6/6
  2022 | D:3      | Noticed Grinder
  2023 | D:3      | Paralysed by Grinder for 7 turns
  2033 | D:3      | Killed from afar by Grinder

Illustrated notes

Levels and vault maps discovered:
D:1:      zelgadis_glass_arrival_small, layout_basic,
          dreamdust_ecumenical_altar_grove
D:2:      layout_rooms, uniq_terence
D:3:      layout_basic, gammafunk_ghost_necromancy, uniq_grinder, uniq_sigmund

Skill      XL: |  1  2  3  4 |
---------------+-------------+-----
Polearms       | 2 3 |  3.8
Armour         | 3 |  3.6
Fighting       | |  3.9
Maces & Flails | |  0.3
Throwing       | |  0.2
Dodging        | |  0.3
Shields        | |  2.9

Action                   |  1- 3 |  4- 6 || total
-------------------------+-------+-------++-------
Melee: Trident           |    93 |    31 ||   124
       Tailslap          |     7 |     6 ||    13
       Mace              |       |    18 ||    18
Throw: Stone             |     8 |     2 ||    10
 Abil: Rolling Charge    |    23 |     9 ||    32
  Use: Potion            |       |     1 ||     1
Armor: Scale mail        |    35 |    23 ||    58
Dodge: Dodged            |    21 |    13 ||    34
Block: Buckler           |    20 |     8 ||    28
